 Dungeon Crawl Stone Soup version 0.29.0-4-gdea44cf6ec (webtiles) character file.

Game seed: 1278221226629687292

27 qw the Chopper (level 3, 0/21 HPs)
             Began as a Tengu Warper on Aug 28, 2022.
             Slain by a hobgoblin (6 damage)
             ... led by Robin
             ... on level 2 of the Dungeon.
             The game lasted 00:00:05 (840 turns).

qw the Chopper (Tengu Warper)                        Turns: 840, Time: 00:00:06

Health: 0/21       AC:  4    Str: 13    XL:     3   Next: 10%
Magic:  7/7        EV: 12    Int: 13    God:
Gold:   58         SH:  5    Dex: 13    Spells: 6/6 levels left

rFire   . . .      SeeInvis .   Y - +0 hand axe
rCold   . . .      Faith    .   (no shield)
rNeg    . . .      Spirit   .   l - +0 troll leather armour
rPois   .          Reflect  +   (helmet restricted)
rElec   .          Harm     .   (no cloak)
rCorr   .          Rampage  .   (no gloves)
Will    .....                   (boots unavailable)
Stlth   +.........              e - amulet of reflection
HPRegen 0.87/turn               (no ring)
MPRegen 0.10/turn               (no ring)

@: no status effects
A: beak, talons 3
a: no special abilities


You were on level 2 of the Dungeon.
You visited 1 branch of the dungeon, and saw 2 of its levels.

You collected 58 gold pieces.


Innate Abilities, Weirdness & Mutations

You have a beak for a mouth.
You have claws for feet.


   Skills:
 - Level 2.0 Fighting
 + Level 3.8 Axes
 - Level 1.0 Throwing
 - Level 1.1 Armour
 - Level 2.1 Dodging
 - Level 2.0 Spellcasting
 - Level 2.4 Translocations


You had 6 spell levels left.
You didn't know any spells.
Your spell library contained the following spells:

 Spells                   Type           Power      Damage    Failure   Level
 Blink                    Tloc           14%        N/A       19%         2
 Gell's Gravitas          Tloc           7%         N/A       36%         3
 Lesser Beckoning         Tloc           7%         N/A       36%         3
 Teleport Other           Tloc           7%         N/A       36%         3
 Manifold Assault         Tloc           7%         N/A       98%         5

Inventory:

Hand Weapons
 h - a +2 mace of protection
 Y - a +0 hand axe (weapon)
Armour
 l - a +0 troll leather armour (worn)
Jewellery
 b - a +6 ring of intelligence
 e - an amulet of reflection (around neck)
Scrolls
 a - a scroll of magic mapping {unknown}
Potions
 g - a potion of might {unknown}
 k - a potion of degeneration {unknown}

Dungeon Overview and Level Annotations

Branches:
Dungeon (2/15)

Altars:

Annotations:
D:2 Robin


Message History

You closely miss the hobgoblin. You peck the hobgoblin.
The hobgoblin is almost dead.
You hit the goblin. You closely miss the goblin. x2
The goblin misses you.
The kobold throws a stone.
You reflect the stone off an invisible shield around you!
The stone hits the kobold but does no damage.
You block the goblin's attack. The goblin hits you with a +0 club.
You closely miss the goblin. Your kick misses the goblin. You punch the goblin.
You kill the goblin!
You closely miss the goblin. You hit the goblin. You barely miss the hobgoblin.
A goblin comes into view. It is wielding a +0 club.
The goblin hits you with a +0 dagger. The hobgoblin barely misses you.
The goblin completely misses you. You block the goblin's attack.
The hobgoblin closely misses you. The goblin hits you with a +0 dagger.
A hobgoblin comes into view.
A goblin comes into view. It is wielding a +0 club.
Robin hits you from afar with a +0 spear.
You have reached level 3!
Your experience leads to an increase in your attributes!
Increase (S)trength, (I)ntelligence, or (D)exterity?
You feel stronger. x2
The goblin shouts!
You slash the hobgoblin!
You kill the hobgoblin!
You hit the goblin. x2
The goblin hits you but does no damage. The goblin closely misses you.
Robin throws the goblin at you!
You hit the goblin.
You kill the goblin!
You hit the hobgoblin but do no damage. You completely miss the goblin.
The goblin hits you but does no damage. Robin hits you but does no damage.
A hobgoblin comes into view.
The hobgoblin closely misses you.
You barely miss the goblin.
The hobgoblin shouts!
Your peck misses the goblin.
The goblin is severely wounded.
You hit the hobgoblin. x2
The hobgoblin hits you.
You die...

.................#####
................>...####
.......%##.....)...%....
####....######.......<..
.#######....#######..#......
.............(..............
g......g....#####...........
.....g##..g)#.K...#.##......
....ggg..gg@g....##.........
.g...!....).)....## .#......
.#....##....)...## ...######
#.>#.# #........# .....
.....#...... #..
......#....### #.
......##....# ...... #####


You could see Robin, 4 hobgoblins, 4 goblins and a kobold.

Vanquished Creatures
  A dart slug (D:1)
  2 endoplasms (D:1)
  A giant cockroach (D:2)
  5 goblins
  3 hobgoblins
  2 kobolds
  A quokka (D:2)
  A ball python (D:1)
  2 bats (D:1)
  A frilled lizard (D:1)
  3 rats (D:1)
22 creatures vanquished.

Vanquished Creatures (others)
  A plant (D:1)
1 creature vanquished.

Grand Total: 23 creatures vanquished

Notes
Turn   | Place    | Note
-------+----------+-------------------------------------------
     0 | D:1      | qw the Tengu Warper began the quest for the Orb.
     0 | D:1      | Reached XP level 1. HP: 12/12 MP: 4/4
     0 | D:1      | 0 ||| qw: Version: 0.1-a-89-g26bdef1
     0 | D:1      | 0 ||| qw: Game counter: 185
     0 | D:1      | 0 ||| qw: Always use a shield: true
     0 | D:1      | 0 ||| qw: God list: Okawaru
     0 | D:1      | 0 ||| qw: Allow faded altars: false
     0 | D:1      | 0 ||| qw: Do Orc after D:15 true
     0 | D:1      | 0 ||| qw: Do second Lair branch before Depths: true
     0 | D:1      | 0 ||| qw: Lair rune preference: random
     0 | D:1      | 0 ||| qw: Plans: Normal
     0 | D:1      | 0 ||| PLANNING D:1-11
   156 | D:1      | 156 ||| DROPPING +0 mace.
   243 | D:1      | Reached XP level 2. HP: 17/17 MP: 6/6
   248 | D:1      | 248 ||| Stepping ~*~*~tactically~*~*~ (stealth).
   249 | D:1      | 249 ||| Stepping ~*~*~tactically~*~*~ (stealth).
   250 | D:1      | 250 ||| Stepping ~*~*~tactically~*~*~ (stealth).
   253 | D:1      | Reached skill level 3 in Axes
   300 | D:1      | 300 ||| Stepping ~*~*~tactically~*~*~ (hiding).
   628 | D:1      | 628 ||| UPGRADING to +0 troll leather armour.
   638 | D:1      | 638 ||| DROPPING +0 leather armour.
   639 | D:1      | 639 ||| UPGRADING to amulet of reflection.
   644 | D:1      | 644 ||| READING scroll labelled LIEKHU APARUB.
   745 | D:1      | 745 ||| READING scroll labelled KASORROHEFO.
   746 | D:1      | 746 ||| READING 3 scrolls labelled GUROIH ZEUSUI.
   747 | D:1      | 747 ||| READING scroll labelled IDUDWUINKE.
   748 | D:1      | 748 ||| READING scroll labelled XOPROE KYCA.
   749 | D:1      | 749 ||| DROPPING scroll of blinking.
   750 | D:1      | 750 ||| DROPPING 2 scrolls of butterflies.
   822 | D:2      | 822 ||| Stepping ~*~*~tactically~*~*~ (stealth).
   823 | D:2      | 823 ||| Stepping ~*~*~tactically~*~*~ (stealth).
   828 | D:2      | 828 ||| Stepping ~*~*~tactically~*~*~ (stealth).
   828 | D:2      | Noticed Robin
   829 | D:2      | 829 ||| Stepping ~*~*~tactically~*~*~ (hiding).
   830 | D:2      | 830 ||| Stepping ~*~*~tactically~*~*~ (hiding).
   834 | D:2      | Identified the +1 robe of Forking Paths {rPois}
   837 | D:2      | HP: 4/17 [Robin/+0 spear (3)]
   838 | D:2      | Reached XP level 3. HP: 5/21 MP: 7/7
   840 | D:2      | Slain by a hobgoblin

Levels and vault maps discovered:
D:1:      minmay_arrival_wavy_path, layout_rooms, hangedman_decor_riveting,
          serial_bayou_pond_b
D:2:      layout_rooms, hellmonk_ecumenical_altar_zigzags, uniq_sigmund,
          uniq_robin

Skill      XL: |  1  2 |
---------------+-------+-----
Axes           | 3 |  3.8
Fighting       | |  2.0
Throwing       | |  1.0
Armour         | |  1.1
Dodging        | |  2.1
Spellcasting   | |  2.0
Translocations | |  2.4

Action                   || total
-------------------------++-------
Melee: Hand axe          ||    42
       Kick              ||     7
       Peck              ||     5
       Punch             ||     1
Throw: Boomerang         ||     7
  Use: Scroll            ||     5
Armor: Leather armour    ||     7
       Troll leather arm ||     7
Dodge: Dodged            ||    29
Block: Other             ||     6
       Reflection        ||     1

Table legend:
 A = Non-vault XP
 B = Vault XP
 C = Vault XP percentage of total XP
 D = Non-vault monster count
 E = Vault monster count
 F = Vault count percentage of total count
                 A         B        C        D         E       F
            +---------+---------+-------+---------+---------+-------
      Total |      31 |       8 |  20.5 |      18 |       4 |  18.2
            +---------+---------+-------+---------+---------+-------
        D:1 |      19 |       2 |   9.5 |      12 |       1 |   7.7
        D:2 |      12 |       6 |  33.3 |       6 |       3 |  33.3
            +---------+---------+-------+---------+---------+-------
